 Dungeon Crawl Stone Soup version 0.20.1-4-g4af34eaf8e (webtiles) character file.

1816 Alfie the Archer (level 8, -1/71 HPs)
             Began as a Minotaur Hunter on Mar 13, 2020.
             Slain by a two-headed ogre
             ... wielding a +0 giant spiked club
              (11 damage)
             ... on level 7 of the Dungeon.
             The game lasted 00:17:03 (4487 turns).

Alfie the Archer (Minotaur Hunter)                  Turns: 4487, Time: 00:17:03

Health: -1/71      AC:  6    Str: 18    XL:     8   Next: 85%
Magic:  7/7        EV: 13    Int:  8    God:
Gold:   384        SH:  0    Dex: 12    Spells: 6/7 levels left

rFire    . . .     SeeInvis .   a - +1 shortbow
rCold    . . .     Gourm    .   (shield currently unavailable)
rNeg     . . .     Faith    .   c - +2 leather armour
rPois    .         Spirit   .   (helmet restricted)
rElec    .         Reflect  .   (no cloak)
rCorr    .         Harm     .   (no gloves)
MR       .....                  (no boots)
Stlth    +.........             (no amulet)
Regen    0.3/turn               w - +1 ring of protection
MPRegen  0.1/turn               (no ring)

@: no status effects
A: retaliatory headbutt, horns 2
a: no special abilities


You were on level 7 of the Dungeon.
You were not hungry.

You visited 1 branch of the dungeon, and saw 7 of its levels.

You collected 384 gold pieces.

Inventory:

Hand Weapons
 a - a +1 shortbow (weapon)
 b - a +0 short sword
Missiles
 d - 28 arrows (quivered)
 p - 8 tomahawks
Armour
 c - a +2 leather armour (worn)
Jewellery
 o - an uncursed ring of magical power
 w - a +1 ring of protection (left hand)
Wands
 s - a wand of iceblast (8/15)
Scrolls
 h - 8 scrolls of teleportation
 k - 2 scrolls of remove curse
 n - a scroll of enchant armour
 r - a scroll of blinking
Potions
 e - a potion of degeneration {unknown}
 g - a potion of resistance {unknown}
 j - a potion of brilliance {unknown}
 l - 6 potions of curing
 m - a potion of haste {unknown}
 q - a potion of might {unknown}
 u - a potion of agility {unknown}
Books
 v - a book of Maledictions

   Spells                             Type                      Level
   a - Corona                         Hexes                        1
   b - Ensorcelled Hibernation        Hexes/Ice                    2
   c - Confuse                        Hexes                        3
   d - Tukima's Dance                 Hexes                        3
   e - Dazzling Spray                 Conjuration/Hexes            3
Comestibles
 f - a bread ration
 i - 2 meat rations
 t - a royal jelly


   Skills:
 + Level 6.3 Fighting
 + Level 0.7 Short Blades
 + Level 10.9 Bows
 + Level 3.4 Armour
 + Level 3.5 Dodging
 + Level 1.5 Stealth


You had 6 spell levels left.
You knew the following spells:

 Your Spells              Type           Power        Failure   Level  Hunger
a - Corona                Hex            #......      45%         1    ##.....


Dungeon Overview and Level Annotations

Branches:
Dungeon (7/15)             Temple (0/1) D:5

Altars:
Cheibriados
Fedhas
Gozag
Hepliaklqana
Makhleb
Ru
Xom
Zin

Shops:
D:2 *


Innate Abilities, Weirdness & Mutations

You reflexively headbutt those who attack you in melee.
You have a pair of horns on your head.


Message History

Press: ? - help, Shift-Dir - straight line, f/p - two-headed ogre
Aim: a two-headed ogre, wielding a giant spiked club and a giant club (heavily wounded)
You shoot an arrow.
The arrow closely misses the two-headed ogre.
The two-headed ogre barely misses you. You furiously retaliate!
You headbutt the two-headed ogre.
The two-headed ogre hits you with a giant club!
* * * LOW HITPOINT WARNING * * *
Firing (i - inventory. (,) - cycle):
d - 30 arrows (quivered)
Press: ? - help, Shift-Dir - straight line, f/p - two-headed ogre
Aim: a two-headed ogre, wielding a giant spiked club and a giant club (heavily wounded)
You shoot an arrow. The arrow hits the two-headed ogre!
The two-headed ogre is severely wounded.
Firing (i - inventory. (,) - cycle):
d - 29 arrows (quivered)
Press: ? - help, Shift-Dir - straight line, f/p - two-headed ogre
Aim: a two-headed ogre, wielding a giant spiked club and a giant club (severely wounded)
You shoot an arrow.
The arrow barely misses the two-headed ogre.
The two-headed ogre hits you with a giant spiked club!
You die...

#########
#.......#
#.......#
#...@...#
+..O....#
#.(##+###
#.. ....
#(...
#....
##...
#.(.


You could see a two-headed ogre.

Vanquished Creatures
  The ghost of Alfie the Archer, a novice MiHu (D:5)
  An ice beast (D:6)
  2 sky beasts
  A centaur (D:5)
  6 ogres
  A scorpion (D:4)
  A howler monkey (D:4)
  2 crimson imps
  A bullfrog skeleton (D:5)
  An orc priest (D:4)
  An iguana (D:6)
  An orc wizard (D:6)
  A centaur skeleton (D:4)
  2 hounds
  2 worker ants
  2 worker ant zombies (D:5)
  2 howler monkey skeletons (D:5)
  8 adders
  A shadow imp (D:5)
  3 adder skeletons (D:4)
  3 worms (D:2)
  A dart slug (D:3)
  5 leopard geckos
  21 orcs
  5 giant cockroaches
  A goblin (D:1)
  6 hobgoblins
  7 jackals (D:1)
  3 kobolds
  2 quokkas
  2 ball pythons
  4 bats
  4 frilled lizards
  A jackal skeleton (D:4)
  A leopard gecko skeleton (D:4)
  5 rats
111 creatures vanquished.

Notes
Turn   | Place    | Note
-------+----------+-------------------------------------------
     0 | D:1      | Alfie the Minotaur Hunter began the quest for the Orb.
     0 | D:1      | Reached XP level 1. HP: 18/18 MP: 0/0
   165 | D:1      | Reached XP level 2. HP: 20/25 MP: 1/1
   364 | D:1      | Reached skill level 5 in Bows
   621 | D:1      | You fall through a shaft!
   662 | D:2      | Reached XP level 3. HP: 24/30 MP: 2/2
   774 | D:2      | Found Gozag's Platinum Reserve.
   774 | D:2      | Found an opulent altar of Gozag.
   844 | D:2      | Found a sacrificial altar of Ru.
  1093 | D:2      | Reached XP level 4. HP: 35/38 MP: 3/3
  1325 | D:3      | Found a glowing silver altar of Zin.
  1628 | D:3      | Reached skill level 1 in Armour
  1719 | D:3      | Noticed an ogre
  1723 | D:3      | Killed an ogre
  1723 | D:3      | Reached skill level 6 in Bows
  1723 | D:3      | Reached skill level 1 in Stealth
  1723 | D:3      | Reached XP level 5. HP: 46/46 MP: 4/4
  1758 | D:3      | Found a hazy altar of Hepliaklqana.
  1818 | D:3      | Found a burning altar of Makhleb.
  1827 | D:3      | Found a shimmering altar of Xom.
  1828 | D:3      | Found a snail-covered altar of Cheibriados.
  2064 | D:4      | Reached skill level 7 in Bows
  2064 | D:4      | Reached XP level 6. HP: 52/52 MP: 5/5
  2693 | D:4      | Reached skill level 8 in Bows
  2693 | D:4      | Reached XP level 7. HP: 52/60 MP: 6/6
  2870 | D:5      | Entered Level 5 of the Dungeon
  3112 | D:5      | Found a glowing silver altar of Zin.
  3167 | D:5      | Reached skill level 9 in Bows
  3313 | D:5      | Reached skill level 5 in Fighting
  3386 | D:5      | Learned a level 1 spell: Corona
  3468 | D:5      | Found a staircase to the Ecumenical Temple.
  3590 | D:5      | Noticed Alfie's ghost (novice MiHu)
  3613 | D:5      | Killed Alfie's ghost
  3613 | D:5      | Reached skill level 10 in Bows
  3613 | D:5      | Reached XP level 8. HP: 25/70 MP: 7/7
  4301 | D:6      | Found a blossoming altar of Fedhas.
  4474 | D:7      | Noticed a two-headed ogre
  4487 | D:7      | Slain by a two-headed ogre

Skill      XL: |  1  2  3  4  5  6  7  8 |
---------------+-------------------------+-----
Bows           | 5 6 7 8 10 | 10.9
Fighting       | 3 4 5 6 |  6.3
Armour         | 1 3 |  3.4
Stealth        | 1 |  1.5
Dodging        | 3 |  3.5
Short Blades   | |  0.7

Action                   |  1- 3 |  4- 6 |  7- 9 || total
-------------------------+-------+-------+-------++-------
Melee: Short sword       |       |       |    34 ||    34
       Headbutt          |       |       |    13 ||    13
 Fire: Shortbow          |    88 |   120 |   184 ||   392
  Use: Scroll            |     2 |     9 |     4 ||    15
       Potion            |       |       |     2 ||     2
  Eat: Bread ration      |       |     1 |     1 ||     2
       Royal jelly       |       |     1 |       ||     1
Armor: Leather armour    |    11 |     2 |    20 ||    33
Dodge: Dodged            |    19 |    24 |    43 ||    86
